 Dungeon Crawl Stone Soup version 0.29.1-2-gbd0b4ee654 (webtiles) character file.

Game seed: 1699202196106065544

14 KittyFluff the Trooper (level 2, -3/28 HPs)
             Began as a Gargoyle Berserker on Nov 1, 2022.
             Was a Follower of Trog.
             Slain by a gnoll
             ... wielding a +0 halberd
              (13 damage)
             ... on level 1 of the Dungeon.
             The game lasted 00:03:13 (1026 turns).

KittyFluff the Trooper (Gargoyle Berserker)         Turns: 1026, Time: 00:03:13

Health: -3/28      AC:  5    Str: 20    XL:     2   Next: 45%
Magic:  2/2        EV: 11    Int:  7    God:    Trog [*.....]
Gold:   12         SH:  0    Dex:  9    Spells: 1/1 levels left

rFire   . . .      SeeInvis .   a - +0 mace
rCold   . . .      Faith    .   (no shield)
rNeg    + . .      Spirit   .   b - +0 animal skin
rPois   ∞          Reflect  .   (no helmet)
rElec   +          Harm     .   (no cloak)
rCorr   .          Rampage  .   (no gloves)
Will    .....                   (no boots)
Stlth   ..........              (no amulet)
HPRegen 0.09/turn               (no ring)
MPRegen 0.08/turn               (no ring)

@: berserking, very quick
A: sickness immunity, AC +2, negative energy resistance 1, electricity
resistance, torment resistance 1, petrification resistance
a: Renounce Religion, Berserk


You were on level 1 of the Dungeon.
You worshipped Trog.
Trog was aware of your devotion.
You visited 1 branch of the dungeon, and saw 2 of its levels.

You collected 12 gold pieces.

Inventory:

Hand Weapons
 a - a +0 mace (weapon)
Armour
 b - a +0 animal skin (worn)
Scrolls
 c - 2 scrolls of identify {unknown}
 e - 2 scrolls of magic mapping {unknown}
 h - a scroll of poison {unknown}
 i - a scroll of noise {unknown}
Potions
 d - a potion of curing {unknown}
 f - 2 potions of brilliance {unknown}
 g - a potion of attraction {unknown}


   Skills:
 + Level 3.6 Fighting
 + Level 3.3 Maces & Flails
 * Level 2.3 Armour
 + Level 1.6 Dodging


You had one spell level left.
You didn't know any spells.
Your spell library was empty.

Dungeon Overview and Level Annotations

Branches:
Dungeon (2/15)

Altars:


Innate Abilities, Weirdness & Mutations

You are immune to sickness and miasma.
Your stone body is resilient. (AC +2)
You are immune to poison.
You resist negative energy. (rN+)
You are resistant to electric shocks. (rElec)
You are resistant to unholy torment.
You are immune to petrification.


Message History

i - a scroll labelled ADYADI VIMEDYA You see here a bat corpse.
There is a stone staircase leading down here.
You climb downwards.
The orc priest shouts!
The gnoll shouts!
You hear a shout! x3
Found a sapphire ring, a sling and 4 stones.
Found a stone staircase leading down.
There is a stone staircase leading up here.
An orc priest comes into view. It is wielding a +0 vampiric whip.
The orc priest calls down the wrath of Beogh upon you.
Pain shoots through your body!
An orc comes into view. It is wielding a +0 flail.
A kobold comes into view. It is wielding a +0 short sword.
The orc priest shouts!
The kobold shouts!
An orc comes into view. It is wielding a +0 mace.
An orc and a quokka come into view.
The orc shouts!
The orc priest barely misses you.
You barely miss the orc priest.
A gnoll comes into view. It is wielding a +0 halberd.
The orc priest mumbles some strange prayers to Beogh against you.
You barely resist. The kobold attacks as you move away!
The kobold hits you but does no damage. The gnoll barely misses you.
There is a stone staircase leading up here.
The gnoll barely misses you.
The orc priest begins to cast a cantrip, but forgets the words!
The kobold hits you but does no damage.
The orc priest casts a cantrip, but nothing happens.
You climb upwards.
There is a stone staircase leading down here.
You closely miss the gnoll. The kobold hits you but does no damage.
The gnoll hits you with a +0 halberd!
A red film seems to cover your vision as you go berserk!
You feel yourself moving faster!
You feel mighty! The kobold barely misses you. The gnoll misses you.
You sock the gnoll!
The gnoll is severely wounded.
The kobold barely misses you. The gnoll hits you with a +0 halberd!
You die...

#.##..####..#.###
#######.#.......(......
#............###.######
#.#####.##.............
#.#...#..#.......######
#.#......#.......#
###########.#.#.#..#.......#
.............>.K#g.#.####..#
###########.....@..........#
..............######.####.##
############..# #.# #.# #
#..# #.####.####### # #..#
#.............
############..#
######.######.
##........###.#########.#.#
#. ##[.......#
#...........#.# #.
##......<.#
###########.#.#### #.


You could see a gnoll and a kobold.

Vanquished Creatures
  A bat (D:1)
  2 endoplasms (D:1)
  A goblin (D:1)
  3 hobgoblins (D:1)
  3 ball pythons (D:1)
  3 frilled lizards (D:1)
  A rat (D:1)
14 creatures vanquished.

Notes
Turn   | Place    | Note
-------+----------+-------------------------------------------
     0 | D:1      | KittyFluff the Gargoyle Berserker began the quest for the
                  | Orb.
     0 | D:1      | Reached XP level 1. HP: 14/14 MP: 1/1
   153 | D:1      | Reached XP level 2. HP: 16/19 MP: 2/2
  1026 | D:1      | Slain by a gnoll

Illustrated notes

Levels and vault maps discovered:
D:1:      dpeg_arrival_rooms_c, layout_basic
D:2:      layout_loops_ring, st_stairs_2, dk_noncrumbling_3, uniq_jessica

Action                   || total
-------------------------++-------
Melee: Mace              ||    32
       Punch             ||     1
Invok: Berserk           ||     1
Armor: Animal skin       ||    11
Dodge: Dodged            ||    19
